[Event "CCT Julius Baer-D1-Place 2024"]
[Site "Online"]
[Date "2024.09.26"]
[Round "1"]
[White "Vidit, Santosh Gujrathi"]
[Black "Aronian, Levon"]
[Result "1-0"]
[ECO "C18"]
[WhiteElo "2720"]
[BlackElo "2729"]
[Annotator "TA"]
[PlyCount "137"]
[EventDate "2024.09.25"]
[EventType "swiss"]
[EventCountry "NET"]
[SourceTitle "playchess.com"]
[Source "ChessBase"]
[SourceQuality "1"]
[TimeControl "600+2"]

1. e4 e6 2. d4 d5 3. Nc3 Bb4 4. e5 c5 5. a3 Ba5 6. b4 cxd4 7. Qg4 Kf8 8. Nb5 Bb6 9. Nf3 Nc6 10. Qf4 f6 11. Bb2 g5 12. Nxg5 a6 13. Nd6 Nxe5 14. Nxc8 Qxc8 15. O-O-O Qc6 16. Nf3 Rc8 17. Qd2 Nxf3 18. gxf3 Kf7 19. Bd3 Ne7 20. Qh6 Ng6 21. Rhg1 f5 22. Kb1 Qd6 23. h4 Rcg8 24. Rde1 a5 25. b5 Qd8 26. h5 Nf8 27. Qf4 Rxg1 28. Rxg1 Rg8 29. Re1 Qc7 30. Qh6 Bc5 31. Ka2 Be7 32. Qd2 Bg5 33. Qe2 Bf6 34. Bc1 Qd8 35. Bh6 Bg7 36. Bxg7 Rxg7 37. Qe5 Qf6 (37... Qb6 $1 $15) 38. Qc7+ Kg8 (38... Qe7 $11 {keeps the balance.} 39. Qb6 (39. Qxa5 Qc5 $11) (39. Qxe7+ $2 Kxe7 40. Bxf5 Kd6 $19) 39... Rg5) 39. Qxa5 $16 e5 ({Better is} 39... Qh4 $14) 40. b6 $16 Qd6 41. Bxf5 Rf7 42. Bg4 Ne6 (42... Re7 $16 43. a4 Qc6) 43. Qd2 $2 (43. Bxe6 $18 Qxe6 44. Rg1+ Kf8 45. Qc5+ Re7 46. a4) 43... Nf4 $11 44. Qb4 Qxb4 (44... Qc6 $1 $11 {remains equal.} 45. Qb3 (45. Rxe5 Qxc2+ 46. Ka1 Qc1+ 47. Ka2 Qc2+ 48. Ka1 Qc1+ 49. Ka2 Qc2+ $11) 45... Re7) 45. axb4 $16 Re7 46. Kb3 Kf7 47. b5 (47. Bc8 $16) 47... Kf6 $11 48. Ra1 e4 49. fxe4 dxe4 50. Ra8 e3 51. fxe3 dxe3 52. Ra1 Kg5 53. Rg1 Kh4 54. c4 Rg7 55. Rh1+ Kg3 $1 (55... Kxg4 $2 56. Rg1+ Kf5 57. Rxg7 $18) 56. Bd1 e2 57. Bxe2 Nxe2 58. c5 Rg5 59. Kc4 Rg4+ 60. Kd3 Nf4+ {[%emt 0:00:03] [#]} (60... Kg2 61. Rd1 Rg5 (61... Nf4+ $2 62. Ke3 $18) 62. c6 (62. Kxe2 Re5+ 63. Kd3 Rxc5 $14) (62. Rd2 Rxc5 63. Rxe2+ Kg3 $16) 62... Rd5+ 63. Kxe2 Re5+ 64. Kd3 (64. Kd2 bxc6 65. bxc6 Rd5+ 66. Ke2 Re5+ 67. Kd3 Rd5+ 68. Kc4 Rxd1 $18) 64... Rd5+ 65. Ke4 Rxd1 66. c7 $18) (60... Rg5 $1 $11) 61. Kc3 ({White should play} 61. Ke4 $1 $16) 61... Nd5+ $11 62. Kd3 Rb4 63. Rg1+ Kf2 64. Rg7 Rxb5 $2 (64... Nf4+ $11 65. Kd2 Rxb5) 65. Kc4 $18 ({Less strong is} 65. Rxh7 Rxc5 66. Kd4 (66. Rxb7 Nxb6 67. h6 Rh5 $11) 66... Rb5 $11) 65... Rxb6 66. cxb6 Nxb6+ 67. Kd4 h6 68. Rxb7 Nc8 69. Kc5 1-0

[Event "CCT Julius Baer-D1-Place 2024"]
[Site "Online"]
[Date "2024.09.26"]
[Round "1"]
[White "Fedoseev, Vladimir"]
[Black "Oparin, Grigoriy"]
[Result "1-0"]
[ECO "A47"]
[WhiteElo "2692"]
[BlackElo "2662"]
[Annotator "TA"]
[PlyCount "111"]
[EventDate "2024.09.25"]
[EventType "swiss"]
[EventCountry "NET"]
[SourceTitle "playchess.com"]
[Source "ChessBase"]
[SourceQuality "1"]
[TimeControl "600+2"]

1. d4 Nf6 2. Nf3 e6 3. Bf4 b6 4. e3 Bb7 5. Bd3 c5 6. O-O Nc6 7. c3 Nh5 8. Bg5 {[%emt 0:00:04] The position is equal.} Be7 9. Bxe7 Qxe7 10. dxc5 bxc5 11. Nbd2 O-O 12. Re1 f5 13. a3 Rad8 14. b4 Nf6 (14... d6 $11) 15. Qa4 (15. e4 $16) 15... d5 (15... Ne4 $11) 16. bxc5 (16. b5 $16 Nb8 17. Qxa7) 16... Ne4 $14 17. Qc2 (17. Bxe4 $14 fxe4 18. Nd4) 17... Nxc5 $11 18. Bb5 Na5 19. Rab1 Ne4 (19... Qc7 $15) 20. Qa4 Qc7 21. Rec1 Nxd2 22. Nxd2 f4 23. Re1 fxe3 24. Rxe3 e5 25. Bf1 Nc6 ({Better is} 25... d4 $11 26. cxd4 Rxd4) 26. Nf3 (26. c4 $1 $14) 26... e4 27. Nd4 Qf7 {[%emt 0:00:00] Prevents Ne6.} 28. Re2 {[%emt 0:00:18] Active counter play!} Ne5 ({Black should play} 28... Rc8 $11) 29. Qxa7 $14 Rd7 30. Qb6 Re7 {[%emt 0:00:40] Prevents Ne6} 31. Qd6 {[%emt 0:00:12][%cal Ob1b7] [#] Hoping for Rxb7!} Nc4 32. Qg3 Nxa3 33. Ra1 Nc4 34. Rea2 Ne5 35. Ra7 Qf6 (35... Ng6 {simplifies} 36. Qe3 h6 37. Rb1 Bc8) 36. Rb1 Bc8 37. Rxe7 Qxe7 38. h3 h5 39. Rb5 h4 40. Qe3 $36 {[%emt 0:00:01][%mdl 2048] Black is under pressure.} Qf7 41. c4 Nxc4 42. Bxc4 dxc4 43. Rc5 Bb7 44. Nf5 Qf6 {[%emt 0:00:10] Prevents Re5} 45. Qe2 Ba6 $2 (45... Bc8 $11 46. Ne3 Be6) 46. Qxe4 $18 {[%emt 0:00:03] Ne7+ is the strong threat.} g6 47. Nh6+ ({Inferior is} 47. Nxh4 Qxf2+ 48. Kh2 Qxc5 $11) 47... Kg7 48. Ng4 Qa1+ {[%emt 0:00:02] [#]} (48... Qf4 $18 49. Qe1 Kh7) 49. Kh2 {[%emt 0:00:01] White mates.} Rf5 50. Qe7+ Rf7 51. Qxh4 Qd4 52. Qh6+ Kg8 53. Qxg6+ Kf8 54. Qh6+ Kg8 55. Rg5+ Rg7 56. Nf6+ {[%emt 0:00:01] Weighted Error Value: White=0.12 (very precise) /Black=0.27 (precise) .  Loses game:     	---       	Black=1      Mistake:       	White=4     	Black=6      Inaccurate:     	White=5     	Black=1      OK:         	White=18    	Black=21     Best:        	White=3     	---} 1-0

[Event "CCT Julius Baer-D1-Place 2024"]
[Site "Online"]
[Date "2024.09.26"]
[Round "1"]
[White "Oparin, Grigoriy"]
[Black "Fedoseev, Vladimir"]
[Result "0-1"]
[ECO "E06"]
[WhiteElo "2662"]
[BlackElo "2692"]
[Annotator "TA"]
[PlyCount "110"]
[EventDate "2024.09.25"]
[EventType "swiss"]
[EventCountry "NET"]
[SourceTitle "playchess.com"]
[Source "ChessBase"]
[SourceQuality "1"]
[TimeControl "600+2"]

1. Nf3 d5 2. g3 Nf6 3. Bg2 e6 4. O-O Be7 5. c4 O-O 6. b3 Nc6 7. d4 {[%emt 0:00:15] White has a strong center, and piece development is almost complete. Black is solid but needs to decide on the best defensive setup for the middle game. Castling for White is a good option if not already done.} Ne4 {[%emt 0:00:04] E06: Gesloten Catalaans: Vroege afwijkingen.} 8. Bb2 b6 9. cxd5 {[%emt 0:00:18] Onnauwkeurig} exd5 {[%emt 0:00:03] White has strong central control and is slightly better. Black needs to defend carefully, especially their d5 pawn. Moving the knight or bishop can help relieve the pressure. Wit staat iets beter.} 10. Nc3 $146 {[%emt 0:00:01] Onnauwkeurig} ({Predecessor:} 10. Nbd2 Bf5 11. Rc1 Qd7 12. Ne5 Nxe5 13. dxe5 Rad8 14. Nxe4 dxe4 15. Qxd7 Rxd7 16. Rfd1 {½-½ Detrick,E-Hall,J (1630) USA WS/15WM33 email 2015}) 10... Nxc3 {[%emt 0:00:59] White is slightly better. Black needs to defend against the strong knight on e4, and consider castling queenside. OK} 11. Bxc3 Bf5 {[%emt 0:00:02] White has a slight advantage. Black needs to defend carefully, possibly by developing the knight or castling to improve king safety. Stopt Qc2. Beste} 12. Qd2 {[%emt 0:00:24] White has a good position with control over the center and potential for attacking on the kingside. Developing the knight to e5 or exchanging bishops on f6 could be interesting moves. Black needs to be cautious and defend accurately.} Qd7 {[%emt 0:00:58] White is slightly better. Black should finish development and consider castling to improve their position. Onnauwkeurig} 13. b4 {[%emt 0:00:39] OK} b5 14. Ne5 {[%emt 0:01:22] White has a slight advantage due to better pawn structure and more active pieces. Consider developing the dark-squared bishop or placing a rook on the open file.} Nxe5 {[%emt 0:01:14] OK} 15. dxe5 Be6 16. Rfc1 {[%emt 0:00:15] [#] Fout (0.6)} (16. a3 $14) 16... a5 $1 $11 {[%emt 0:00:39] White has a clear advantage, putting Black under pressure. Black needs to focus on consolidating their position, perhaps by developing pieces and looking to exchange to relieve some tension. Briljant} 17. a3 {[%emt 0:00:06] Beste} ({Verwerp} 17. bxa5 c5 18. Bb2 b4 $17) 17... axb4 {[%emt 0:00:13] Beste (Gemakkelijk)} 18. axb4 {[%emt 0:01:19] White is better. Black’s pieces are passive, White's light-square bishop is very strong, and the pressure on Black’s queenside is significant.} Ra4 {[%emt 0:00:14] White is slightly better. Black needs to defend solidly. Bishop d8 could be a good move.} 19. Rd1 Rd8 {[%emt 0:00:13][%cal Od5d4] White is slightly better. Black needs to defend solidly. Consider moving the queen or rook to add pressure. Zwart wil ...d4! spelen.} 20. e3 {[%emt 0:00:21] Onnauwkeurig} c6 {[%emt 0:00:27] OK} 21. h4 h5 {[%emt 0:00:21] White is better. Black needs to defend carefully, especially the d5 pawn. Controlling the center and avoiding weaknesses would be important.} 22. Rdc1 {[%emt 0:01:54] OK} Rda8 23. Qd1 {[%emt 0:00:15] White is slightly better. The e5 pawn and active pieces offer good attacking chances. Black needs to defend carefully. Nd4 would be a good move. Onnauwkeurig} Bg4 {[%emt 0:00:17] White is slightly better. Black needs to defend solidly. Trading queens might ease the pressure.} (23... Bxb4 $2 {verliest.} 24. Bxb4 (24. Qxh5 Bxc3 25. Rxa4 bxa4 $19) 24... Bf5 25. Bc3 $18) 24. Qd4 {[%emt 0:00:01] OK} Bf8 {[%emt 0:00:44] OK} 25. Bd2 {[%emt 0:00:14] Fout (0.7)} (25. Rab1 $15) 25... Qb7 {[%emt 0:00:18] Fout (0.8)} (25... Be6 $17 {[%cal Oc6c5] En nu zou ...c5! winnen.} 26. Qb2 g6) 26. e4 $2 {[%emt 0:00:16][%mdl 8192] [#] Verliest partij (2.8)} (26. Rab1 $15) 26... c5 $1 $19 {[%emt 0:00:05][%mdl 512] OK} 27. Qb2 {[%emt 0:00:11] White is winning. The black king is exposed, and White has strong attacking possibilities. Qxd5 should be considered. OK} dxe4 (27... cxb4 28. exd5 Rxa1 29. Rxa1 $11) 28. bxc5 {[%emt 0:00:33] White is better. Black's a4 rook and e4 pawn are weak. White can target these weaknesses, possibly starting with bxc5 or even Qd4. OK} Rxa1 {[%emt 0:00:02] OK} 29. Rxa1 {[%emt 0:00:00] White has a strong position with attacking chances, especially using the g2 and f3 pawns. Qxb5 looks good. Black needs to defend carefully.} Rxa1+ (29... Bxc5 30. Rxa8+ Qxa8 31. Qxb5 Qa1+ 32. Qf1 Qxe5 33. Qc1 $17) 30. Qxa1 {[%emt 0:00:00] Black is winning. White's position is too compromised, and defending is extremely difficult.} Bxc5 {[%emt 0:00:01] Hoopt vervolgens op ...b4. OK} 31. Qe1 {[%emt 0:00:03][%cal Rg2e4] White has a significant advantage. Black's king is exposed, and White's e-pawn can become a strong passed pawn with correct play. Black needs to find defensive resources.} Bf3 32. Bxf3 {[%emt 0:00:20] White is significantly better. Black's king is exposed, and White has better piece activity. A good move would be to play the e5 pawn forward or make a tactical decision based on Black's weak king and potential threats. OK} exf3 {[%emt 0:00:02][%mdl 4096] Eindspel. KQB-KQB} 33. e6 {[%emt 0:00:00] White is winning. Black's pieces are passive, and White can create threats with moves like e6 or Qe4. Beste} Qd5 $2 {[%emt 0:00:20] White is significantly better. Black needs to defend carefully, especially against threats to the f7-pawn and ideas involving Qe5. Gemiste overwinning (2.1)} ({Zwart zou moeten proberen} 33... Qe7 $1 $19 34. Qe5 Qxe6 35. Qb8+ (35. Qxc5 {Leidt naar mat.} Qh3) 35... Kh7 36. Qxb5 Qd6) 34. Bb4 $1 $11 {[%emt 0:00:49] Sterk} ({Maar niet} 34. e7 $2 Bxe7 35. Qc1 (35. Qxe7 $2 Qxd2 36. Qe8+ Kh7 $17) 35... Bc5 $19) 34... Bxb4 {[%emt 0:00:21] OK} 35. exf7+ {[%emt 0:00:00] Beste (Gemakkelijk)} Kxf7 {[%emt 0:00:17] Black needs to defend carefully. White is pushing with connected passers on the kingside. Black's b4 bishop is well-placed, but the pawns and the queen must coordinate accurately to prevent promotion threats.} 36. Qxb4 {[%emt 0:00:00] KQ-KQ. OK} Ke6 37. Qf8 {[%emt 0:00:07] [#] Fout (1.0)} (37. Qc3 $1 $11 {was de enige mogelijkheid om het evenwicht te handhaven.}) 37... Qd1+ {[%emt 0:00:08] Fout (0.5)} ({Beter is} 37... Qb7 $1 $17) 38. Kh2 $15 {[%emt 0:00:01] White is winning, Black should prepare for checkmate. Onnauwkeurig} Qe2 {[%emt 0:00:01] Black is in a difficult position. White is threatening mate. Black should try perpetual check. Fout (0.5)} ({Zwart zou moeten spelen} 38... Qd4 $15 39. Qc8+ Kd5 40. Qf5+ Kc4 41. Qxf3 b4) 39. Qc5 $1 $11 {[%emt 0:00:08] Sterk} g6 40. Kg1 Qd1+ {[%emt 0:00:11] White is winning. Black's position is very difficult to hold due to the advanced queenside pawn and imminent threats from White.} 41. Kh2 Qd5 42. Qb6+ {[%emt 0:00:02] OK} Kf5 {[%emt 0:00:02] White is winning. Black's king is highly exposed, and White has a dangerous passed pawn on the h-file.} 43. Qe3 {[%emt 0:00:01] Voorkomt g5. OK} Kf6 {[%emt 0:00:16] White is winning. Black is down significant material and has passive positioning. OK} 44. Qb6+ {[%emt 0:00:01] OK} Kf7 45. Qc7+ Ke6 {[%emt 0:00:13] Wit zou ...b4 moeten voorkomen.} 46. Qb6+ {[%emt 0:00:01] White is much better. Black's king is exposed, and White has powerful pieces to exploit this advantage. Beste (Gemakkelijk)} Kd7 {[%emt 0:00:03] OK} 47. Qxg6 $2 {[%emt 0:00:05] Verliest partij (2.2)} (47. Kg1 $1 $11 {es Wit is oké.}) 47... b4 $19 {[%emt 0:00:02] White is winning. Black's king is exposed and White's two queens dominate the position. Beste (Gemakkelijk)} 48. Qg7+ {[%emt 0:00:05] Onnauwkeurig} Kc6 {[%emt 0:00:02] Beste (Gemakkelijk)} 49. g4 Qd6+ {[%emt 0:00:07] White is much better, threatening mate with Qb7#. Black's only hope is to avoid immediate checkmate. OK} 50. Kh3 {[%emt 0:00:02] [#] White is winning. Black's king is exposed, and White has a decisive material advantage with more active pieces.n} Qe6 $2 {[%emt 0:00:01] Gemiste overwinning (2.9)} (50... hxg4+ $1 $19 {en Zwart blijft duidelijk aan de top.} 51. Kxg4 Qd7+ 52. Kh5 (52. Qxd7+ $2 Kxd7 53. h5 Ke7 $19) 52... Qe6) 51. Qd4 $2 {[%emt 0:00:03][%mdl 8192] Verliest partij (Mat)} (51. Kg3 $17) 51... Qxg4+ {[%emt 0:00:09] Beste. Zwart zet mat.} 52. Qxg4 {[%emt 0:00:01] OK} hxg4+ {[%emt 0:00:00] White is winning. Black is unable to stop the pawn promotions or the checkmate threats with the queen and pawns.} 53. Kxg4 b3 54. h5 b2 {[%emt 0:00:01] White is winning. Black is struggling with advancing pawns. The h-pawn will be unstoppable.} 55. h6 b1=Q {[%emt 0:00:01] White is winning. The pawn on h6 can promote soon, and Black's pawn on b2 and f3 are not enough to turn the game around.   Blunder waarde: Wit=0.40/Zwart=0.28 (precies) .  Verliest partij:   	Wit=3      	---        Gemiste overwinning: 	---       	Zwart=2      Fout:        	Wit=3      	Zwart=3      Onnauwkeurig:    	Wit=6      	Zwart=1      OK:         	Wit=11     	Zwart=11     Beste:        	Wit=4      	Zwart=5      Sterk:        	Wit=2      	---        Briljant:      	---       	Zwart=1} ({Niet} 55... b1=B 56. Kxf3 (56. h7 Bxh7 57. Kxf3 Kd5 $17) 56... Kd5 (56... Bh7 57. Ke3 $11) 57. Ke3 $15) 0-1

[Event "CCT Julius Baer-D1-Place 2024"]
[Site "Online"]
[Date "2024.09.26"]
[Round "1"]
[White "Martinez Alcantara, Jose Eduardo"]
[Black "Nepomniachtchi, Ian"]
[Result "0-1"]
[ECO "B53"]
[WhiteElo "2607"]
[BlackElo "2755"]
[Annotator "TA"]
[PlyCount "128"]
[EventDate "2024.09.25"]
[EventType "swiss"]
[EventCountry "NET"]
[SourceTitle "playchess.com"]
[Source "ChessBase"]
[SourceQuality "1"]
[TimeControl "600+2"]

1. e4 c5 2. Nf3 d6 3. d4 cxd4 4. Qxd4 Nf6 5. h3 Nc6 6. Qe3 {[%emt 0:00:01] B53: Sicilian: 2...d6: Lines with Qxd4.} g6 7. c4 {[%emt 0:00:12] Recently 7.Bc4 got a lot of attention.} Bg7 8. Nc3 Nd7 $146 ({Predecessor:} 8... O-O 9. Be2 Qb6 10. Qd2 Be6 11. Rb1 Nd7 12. b3 Nd4 13. Bb2 Nxf3+ 14. Bxf3 Ne5 {1-0 Nakamura,H (2802)-Martinez Alcantara,J (2612) Chess.com SpeedChess blitz 2024 (1.1)}) 9. Be2 Qb6 10. Nd5 Qxe3 11. Bxe3 O-O 12. O-O-O Nf6 13. Bd3 Bd7 14. Bg5 Nxd5 15. cxd5 Nb4 16. Bb1 e6 17. a3 Na6 18. Bc2 Nc5 19. Kb1 exd5 20. exd5 Rfe8 21. Be3 Rac8 22. Rhe1 a5 23. Bf4 Bf8 24. Nd4 b5 25. Nc6 a4 26. g4 f6 (26... Ne6 $5 27. Bxd6 (27. dxe6 Bxc6 28. exf7+ Kxf7 $11) 27... Bxc6 28. dxc6 (28. dxe6 Rxe6 29. Rxe6 fxe6 $11) 28... Rxc6 $11) 27. Nd4 (27. Rxe8 {simplifies} Rxe8 28. Nd4 Ne4 29. Rf1) 27... Kf7 28. f3 Rb8 29. Nc6 (29. Rxe8 {simplifies} Rxe8 30. h4 Rb8 31. Ka2) 29... Rb6 30. Rxe8 Bxe8 31. Nb4 Bd7 32. h4 Rb8 33. h5 Re8 34. Rh1 f5 35. hxg6+ hxg6 36. gxf5 Bxf5 37. Bxf5 gxf5 38. Rh7+ Kg6 39. Rc7 Re1+ 40. Kc2 Re2+ 41. Kb1 Bg7 (41... Rf2 $5 42. Bxd6 Bxd6 $11) 42. Bxd6 Rxb2+ 43. Kc1 Nb3+ 44. Kd1 Rd2+ 45. Ke1 Bf6 46. Bg3 f4 47. Bf2 (47. Bxf4 $15 Bh4+ 48. Kf1 Rf2+ 49. Kg1) 47... Bb2 48. Rc2 $2 (48. Rb7 $17) 48... Bxa3 $19 49. Rc6+ Kf5 50. Nc2 Bb2 51. Nb4 a3 52. Kf1 Bd4 53. Be1 a2 ({Inferior is} 53... Bc5 54. Rxc5 a2 55. Nxa2 (55. Rxb5 a1=Q 56. d6+ Ke6) 55... Rxa2 56. Rc8 $11) 54. Ra6 a1=Q ({Not} 54... a1=B 55. Bxd2 Nxd2+ 56. Ke2 $17) 55. Rxa1 Bxa1 56. Bxd2 Nxd2+ 57. Ke2 Nc4 58. Nc6 Nd6 59. Kd3 Bf6 60. Kc2 Nc4 61. Kb3 Nd2+ 62. Kb4 Nxf3 63. d6 Nd4 64. Ne7+ Bxe7 0-1

[Event "CCT Julius Baer-D1-Place 2024"]
[Site "Online"]
[Date "2024.09.26"]
[Round "1"]
[White "Le, Tuan Minh"]
[Black "Carlsen, Magnus"]
[Result "1/2-1/2"]
[ECO "E21"]
[WhiteElo "2564"]
[BlackElo "2832"]
[Annotator "TA"]
[PlyCount "65"]
[EventDate "2024.09.25"]
[EventType "swiss"]
[EventCountry "NET"]
[SourceTitle "playchess.com"]
[Source "ChessBase"]
[SourceQuality "1"]
[TimeControl "600+2"]

1. d4 Nf6 2. c4 e6 3. Nc3 Bb4 4. Nf3 Bxc3+ 5. bxc3 d6 6. Qc2 Qe7 7. e4 e5 8. Bd3 Nc6 9. d5 Nb8 10. O-O Nbd7 11. h3 Nc5 12. Be3 Nxd3 13. Qxd3 b6 14. Nd2 Nd7 15. f4 exf4 $1 16. Rxf4 O-O 17. Bd4 Ne5 18. Bxe5 Qxe5 19. Qe3 Bd7 20. Nf3 Qe7 21. e5 Rae8 22. Re1 dxe5 23. Qxe5 (23. Nxe5 f6 24. Nxd7 Qxe3+ 25. Rxe3 Rxe3 26. Nxf8 Kxf8 $17) 23... Qd6 24. Qd4 Rxe1+ (24... h6 {vereinfacht} 25. Rxe8 Rxe8 26. Re4 Rxe4 27. Qxe4 Qg3) 25. Nxe1 Re8 (25... c5 {vereinfacht} 26. dxc6 Qxc6 27. Nd3 Qc7) 26. Nd3 Qg6 27. Ne5 Qg3 {[%emt 0:00:02] [#] Und jetzt ...Qe1+ wäre schön.} (27... Qd6 28. Nxf7 Qe7 29. d6 Qe1+ 30. Rf1) 28. Nxd7 Re1+ 29. Rf1 Re2 {[%emt 0:00:02][%csl LRa2,LRg2] Pariert Qf2. Die Stellung ist ausgeglichen.} 30. Rf2 Re1+ 31. Rf1 Re2 32. Rf2 Re1+ 33. Rf1 {[%emt 0:00:01] Gewichteter Fehlerwert: Weiß=0.07 (makellos) /Schwarz=0.05 (makellos) .  Gewinn verpasst:   	Weiß=1     	---        Ungenau:       	Weiß=1     	Schwarz=1     OK:         	Weiß=10    	Schwarz=16    Bester:       	Weiß=3     	---        Stark:        	---       	Schwarz=1} 1/2-1/2

[Event "CCT Julius Baer-D1-Place 2024"]
[Site "Online"]
[Date "2024.09.26"]
[Round "1.1"]
[White "So, Wesley"]
[Black "Madaminov, Mukhiddin"]
[Result "1-0"]
[ECO "C77"]
[WhiteElo "2752"]
[BlackElo "2512"]
[Annotator "TA"]
[PlyCount "91"]
[EventDate "2024.09.25"]
[EventType "swiss"]
[EventCountry "NET"]
[SourceTitle "playchess.com"]
[Source "ChessBase"]
[SourceQuality "1"]
[TimeControl "600+2"]

1. e4 e5 2. Nf3 Nc6 3. Bb5 a6 4. Ba4 Nf6 5. d3 b5 6. Bb3 Bc5 7. c3 d6 8. Bg5 h6 9. Bh4 Bb6 10. Nbd2 {[%emt 0:00:24] The position is equal.} Rb8 11. O-O Qe7 12. a4 O-O 13. Re1 Be6 14. Bd5 Nd8 15. d4 c6 (15... Bd7 $14) 16. Bxe6 $16 Qxe6 17. axb5 axb5 18. Qb3 ({Better is} 18. Bg3 $16) 18... Nd7 {[%emt 0:01:30] [#]} (18... g5 $11 {keeps the balance.} 19. dxe5 Nd7) 19. Qxe6 $1 Nxe6 20. Be7 exd4 21. Bxd6 {[%emt 0:00:03] White has more active pieces.} dxc3 22. bxc3 Ndc5 23. Bxb8 Rxb8 24. Ne5 {[%emt 0:00:05] Against Nd3} Rc8 25. Ndf3 f6 26. Ng4 h5 27. Ne3 Nxe4 {[%emt 0:00:02] [#]} (27... Nf4 $16 {might work better.}) 28. Nf5 $1 $36 {[%emt 0:00:18][%mdl 2048] White is really pushing.} Bxf2+ 29. Kf1 Bxe1 30. Rxe1 Ra8 {[%emt 0:00:48] White must now prevent ...N6c5.} 31. Rxe4 Ra1+ 32. Kf2 Nc5 (32... Kf7 33. Nd6+ Ke7) 33. Re8+ Kf7 34. Re7+ Kf8 35. Rc7 (35. Rxg7 Ne4+ 36. Ke2 Nxc3+ 37. Kd3 Nd5 $18) (35. N3h4 $142 {White wants to mate with Ng6+.} Nd3+ 36. Ke3) 35... g6 (35... Ne4+ $142 36. Ke3 Nxc3 37. Rxg7 (37. Nxg7 $2 Nd5+ 38. Ke2 Nxc7 $19) (37. Rxc6 b4 $18) 37... Rd1) 36. N5d4 (36. Rxc6 Ne4+ 37. Ke3 gxf5 $11) 36... Ne4+ 37. Ke3 Nxc3 {[%emt 0:00:00] Hoping for ...Nd5+.} 38. Rxc6 b4 39. Rxf6+ Kg7 40. Rc6 Ra2 41. Nh4 g5 42. Nhf5+ Kf7 43. Nf3 {[%emt 0:00:05] Intending Ne5+ and mate.} Re2+ $2 (43... Ke8 44. g3 (44. Nxg5 Rxg2 45. h4 Rg1 $18) 44... Kd8) 44. Kd4 {[%emt 0:00:08] And now Ne5+ would win.} Re4+ (44... Ke8 $142 45. Rh6 (45. Nxg5 Kd7 $18) 45... Kd8 46. Nxg5 (46. Rxh5 Rxg2 47. Nxg5 Nd1 $18) 46... Rd2+ 47. Kc4 Rxg2 48. Ne6+ (48. Rxh5 Rg4+ 49. Kb3 Ne2 $18) 48... Kd7 49. Nc5+ (49. Kxb4 Ne4 $18) 49... Ke8) 45. Kd3 Re8 46. Nd6+ {[%emt 0:00:03] Weighted Error Value: White=0.22 (precise) /Black=0.55.  Mistake:       	White=2     	Black=7      Inaccurate:     	White=1     	Black=3      OK:         	White=14    	Black=12     Best:        	White=5     	Black=5      Strong:       	White=2     	---} (46. Nxg5+ $142 Kg8 47. Rg6+ Kf8 48. Rf6+ Kg8 49. Rf7 Re3+ 50. Kxe3 (50. Nxe3 Ne4 51. Kxe4 h4 52. Nd5 Kh8 53. Ne7 b3 54. Rh7#) 50... Nd5+ 51. Kd4 Nf6 52. Rg7+ (52. Rxf6 h4 53. Rb6 Kh8 54. Rb8#) 52... Kf8 53. Ne6+ Ke8 54. Re7#) 1-0